Map: Blackpink LE

Players

Ozmosis - Winner!

  • Race: Terran Terran
  • League: Master
  • Spawn Location: 1:00

A.I. 1 (Very Easy)

  • Race: Terran Terran
  • Spawn Location: 7:00

VOD

Have the link to the VOD?

Description

Time

  • Played on: April 26, 2018, 12:05 a.m.
  • Length: 5:14
Show
View Real Time Build Order
Export as new Build Order

Ozmosis Terran - Winner!

Build Orders: 1/1/1, Cyclone Opening 

Get SALT Encoding   

  12  0:01  SCV  
  13  0:13  SCV  
  14  0:17  Supply Depot  
  14  0:25  SCV  
  15  0:30  Refinery  
  15  0:39  SCV  
  16  0:44  Barracks  
  16  0:51  SCV  
  17  0:57  Refinery  
  17  1:03  SCV  
  18  1:15  SCV  
  19  1:30  Orbital Command  
  19  1:31  Reaper  
  20  1:36  Factory  
  20  1:46  Supply Depot  
  20  1:56  SCV  
  21  2:03  Reaper  
  22  2:09  SCV  
  23  2:21  Starport  
  23  2:22  Cyclone  
  26  2:23  SCV  
  26  2:29  Supply Depot  
  27  2:37  Barracks Tech Lab  
  27  2:38  SCV  
  28  2:50  SCV  
  29  2:54  Hellion  
  31  3:04  SCV  
  32  3:07  Banshee, Cloaking Field  
  35  3:16  Barracks Reactor, SCV  
  36  3:22  Supply Depot  
  36  3:33  Factory Tech Lab, SCV  
  37  3:46  SCV  
  37  3:47  Command Center  
  38  3:52  Banshee  
  38  3:53  Marine x2  
  43  3:58  SCV  
  44  4:07  Siege Tank  
  47  4:10  Supply Depot  
  47  4:32  Marine x2, SCV  
  50  4:40  Command Center  
  50  4:49  Marine, SCV  
Show
View Real Time Build Order
Export as new Build Order

A.I. 1 (Very Easy) Terran 

Build Orders: Reaper Expand 

Get SALT Encoding   

  12  0:00  SCV  
  13  0:13  SCV  
  14  0:18  Supply Depot  
  14  0:40  Barracks  
  14  1:04  Command Center  
  14  1:27  Marine  
  14  1:29  Supply Depot, Orbital Command  
  15  1:37  Refinery  
  15  1:48  Refinery  
  15  1:55  SCV  
  16  2:07  SCV  
  17  2:17  Reaper  
  17  2:19  SCV  
  17  2:21  SCV  
  20  2:31  SCV  
  20  2:35  SCV  
  21  2:43  SCV  
  21  2:53  SCV  
  21  2:58  Refinery  
  21  3:00  SCV  
  22  3:06  Marine  
  22  3:07  SCV  
  24  3:15  SCV  
  25  3:22  SCV  
  26  3:29  SCV  
  24  3:36  SCV  
  21  3:43  SCV  
  21  3:47  Factory  
  19  3:50  SCV  
  19  3:56  Marine  
  19  4:16  Barracks Tech Lab  
  18  4:33  Starport  
  18  4:37  Marine  
  18  4:38  SCV  
  10  4:50  SCV  
  5  5:09  Command Center  
Tags
 
Add a new tag
Caveats
  • Supply blocks, unpowered buildings, or Contaminate may cause inaccurate times.
  • Supply counts are checked every 10 seconds.